 Dungeon Crawl Stone Soup version 0.30.1-4-g462c640d31 (webtiles) character file.

Game seed: 1592987838021307021

4 ChiefBigBeans the Conjurer (level 1, -1/14 (19) HPs)
             Began as a Naga Reaver on Sept 12, 2023.
             Slain by a quokka (2 damage)
             ... on level 1 of the Dungeon.
             The game lasted 00:02:03 (139 turns).

ChiefBigBeans the Conjurer (Naga Reaver)             Turns: 139, Time: 00:02:04

HP:   -1/14 (19)    AC:  1    Str: 14    XL:     1   Next: 70%
MP:   1/3           EV:  9    Int: 13    God:
Gold: 0             SH:  0    Dex:  9    Spells: 3/4 levels left

rFire   . . .        a - +0 short sword
rCold   . . .        (no shield)
rNeg    . . .        b - +0 leather armour
rPois   +            (no helmet)
rElec   .            (no cloak)
rCorr   .            (no gloves)
SInv    +            (no barding)
Will    .....        (no amulet)
Stlth   +            (no ring)
HPRegen 0.22/turn    (no ring)
MPRegen 0.08/turn

%: no passive effects
@: very heavily drained, very slow
A: AC +0, large, see invisible, deformed body, poison resistance, slowness 2,
spit poison 1, naga tail 1
a: Spit Poison


You were on level 1 of the Dungeon.
You visited 1 branch of the dungeon, and saw 1 of its levels.

Inventory:

Hand Weapons
 a - a +0 short sword (weapon)
Armour
 b - a +0 leather armour (worn)
Scrolls
 e - a scroll of identify
Potions
 d - a potion of curing


   Skills:
 + Level 2.1 Fighting
 + Level 3.0 Short Blades
 - Level 1.5 Dodging
 + Level 0.4 Stealth
 + Level 2.0 Spellcasting
 + Level 3.0 Conjurations


You had 3 spell levels left.
You knew the following spells:

 Your Spells              Type           Power      Damage    Failure   Level
a - Kiss of Death         Conj/Necr      20%        2d7       17%         1

Your spell library contained the following spells:

 Spells                   Type           Power      Damage    Failure   Level
 Momentum Strike          Conj/Tloc      10%        3d8       26%         2
 Hailstorm                Conj/Ice       5%         3d4       45%         3


Dungeon Overview and Level Annotations

Branches:
Dungeon (1/15)

Altars:


Innate Abilities, Weirdness & Mutations

Your serpentine skin is tough. (AC +0)
You have supernaturally acute eyesight. (SInv)
Armour fits poorly on your strangely shaped body.
Your system is resistant to poisons. (rPois)
You cover ground very slowly.
You can spit poison.
You have a snake-like lower body.


Message History

Nothing appears to happen.
The quokka barely misses you.
The negative energy hits the quokka.
The quokka is drained!
You kill the quokka!
You feel drained.
You hit the goblin.
The goblin is moderately wounded.
The goblin hits you with a +0 club.
You closely miss the goblin.
The goblin is moderately wounded.
You have got your breath back.
You closely miss the goblin.
The goblin is moderately wounded.
The goblin hits you with a +0 club. The quokka closely misses you.
You hit the goblin.
The goblin is heavily wounded.
The goblin hits you with a +0 club.
The quokka bites you but does no damage.
You are too injured to fight recklessly!
You are too injured to fight recklessly!
You are too injured to fight recklessly!
You are too injured to fight recklessly!
You are too injured to fight recklessly!
You closely miss the goblin.
The goblin is heavily wounded.
The quokka bites you.
* * * LOW HITPOINT WARNING * * *
The goblin barely misses you.
You closely miss the goblin.
The goblin is moderately wounded.
The quokka closely misses you. The goblin closely misses you.
You hit the goblin but do no damage.
The goblin is moderately wounded.
The quokka misses you. The goblin closely misses you.
Your magical contamination has completely faded away.
The quokka barely misses you. The quokka attacks as you move away!
The quokka bites you.
* * * LOW HITPOINT WARNING * * *
You barely miss the quokka. The quokka barely misses you.
The goblin closely misses you. The quokka bites you.
You die...

#....#......###
##+###........# ..
....##.†..#####..
#.#####...........
#. #...........
#...........
#...........
#...........
#...@.......
#...rg......
####......).
#.....### ......#
.......# ........#
.....##### ......#


You could see a quokka and a goblin.

Vanquished Creatures
  A giant cockroach (D:1)
  2 quokkas (D:1)
  A frilled lizard (D:1)
4 creatures vanquished.

Notes
Turn   | Place    | Note
-------+----------+-------------------------------------------
     0 | D:1      | ChiefBigBeans the Naga Reaver began the quest for the Orb.
     0 | D:1      | Reached XP level 1. HP: 19/19 MP: 3/3
   139 | D:1      | Slain by a quokka

Illustrated notes

Levels and vault maps discovered:
D:1:      ldierk_walled_garden, layout_basic, serial_shops,
          nicolae_shop_behind_doors, serial_glass, glass_columns_a,
          glass_columns_a, hex_medium, glass_columns_a

Action                     || total
---------------------------++-------
  Melee: Short sword       ||    24
   Cast: Kiss of Death     ||     2
Ability: Spit Poison       ||     2
    Use: Scroll            ||     2
 Armour: Leather armour    ||     2
  Dodge: Dodged            ||    17
